 Dungeon Crawl Stone Soup version 0.29.1-12-g30fa7ad0bf (webtiles) character file.

Game seed: 13262963237869497163

5029 Flaz the Brawler (level 10, -5/77 HPs)
             Began as a Ghoul Monk on Dec 18, 2022.
             Was a Priest of Trog.
             Slain by a two-headed ogre
             ... wielding a +0 dire flail
              (18 damage)
             ... on level 9 of the Dungeon.
             The game lasted 00:22:36 (9563 turns).

Flaz the Brawler (Ghoul Monk)                       Turns: 9563, Time: 00:22:37

Health: -5/77      AC: 13    Str: 20    XL:     10   Next: 55%
Magic:  9/9        EV: 11    Int:  5    God:    Trog [***...]
Gold:   514        SH:  0    Dex: 17    Spells: 9/9 levels left

rFire   . . .      SeeInvis .     - Unarmed
rCold   + + .      Faith    .   (no shield)
rNeg    + + +      Spirit   .   K - +0 scale mail {rC+}
rPois   ∞          Reflect  .   (no helmet)
rElec   .          Harm     .   u - +0 cloak
rCorr   .          Rampage  .   (no gloves)
Will    ++...                   B - +0 pair of boots
Stlth   +.........              (no amulet)
HPRegen 1.00/turn               o - +6 ring of dexterity
MPRegen 0.11/turn               s - +4 ring of protection

@: strong-willed, regenerating
A: claws 1, cold resistance 1, negative energy resistance 3, inhibited
regeneration, torment resistance 2, devour on kill
a: Renounce Religion, Trog's Hand


You were on level 9 of the Dungeon.
You worshipped Trog.
Trog was most pleased with you.
You visited 2 branches of the dungeon, and saw 10 of its levels.

You collected 514 gold pieces.

Inventory:

Hand Weapons
 a - a +3 spear of freezing
 J - a +1 hand axe of flaming
Armour
 l - a +0 ring mail
 m - a scarf of harm
 u - a +0 cloak (worn)
 B - a +0 pair of boots (worn)
 K - a +0 scale mail of cold resistance (worn)
Jewellery
 o - a +6 ring of dexterity (left claw)
 s - a +4 ring of protection (right claw)
 w - a +6 ring of dexterity
 I - a ring of protection from cold
Wands
 F - a wand of polymorph (6)
 L - a wand of digging (2)
Scrolls
 e - a scroll of enchant armour {unknown}
 f - 6 scrolls of immolation {unknown}
 g - a scroll of noise {unknown}
 i - a scroll of torment {unknown}
 n - a scroll of summoning
 r - 6 scrolls of teleportation
 x - 3 scrolls of butterflies
 C - 3 scrolls of identify
 D - a scroll of magic mapping {unknown}
 E - 4 scrolls of fear {unknown}
Potions
 b - a potion of ambrosia
 c - a potion of berserk rage {unknown}
 d - 5 potions of curing
 h - 2 potions of cancellation {unknown}
 j - a potion of invisibility {unknown}
 k - a potion of heal wounds {unknown}
 p - 2 potions of brilliance {unknown}
 t - 4 potions of haste {unknown}
 v - 2 potions of might {unknown}
 z - a potion of magic {unknown}
 A - 2 potions of resistance {unknown}
 G - 2 potions of flight {unknown}
 H - a potion of attraction {unknown}
Miscellaneous
 q - a piece from Xom's chessboard (15/15)


   Skills:
 - Level 3.2 Fighting
 + Level 1.2 Throwing
 * Level 4.7 Armour
 - Level 2.6 Dodging
 - Level 2.1 Stealth
 + Level 15.5 Unarmed Combat


You had 9 spell levels left.
You didn't know any spells.
Your spell library was empty.

Dungeon Overview and Level Annotations

Branches:
Dungeon (9/15)             Temple (1/1) D:6            Lair (0/5) D:9
    Orc: D:9-12

Altars:
Ashenzari
Cheibriados
Dithmenos
Fedhas
Gozag
Hepliaklqana
Kikubaaqudgha
Makhleb
Nemelex Xobeh
Okawaru
Qazlal
Ru
Sif Muna
Trog
Uskayaw
Vehumet
Wu Jian
Xom
Yredelemnul


Innate Abilities, Weirdness & Mutations

You are immune to poison.
You have sharp fingernails.
Your flesh is cold resistant. (rC+)
You are immune to negative energy. (rN+++)
You do not regenerate when monsters are visible.
You are immune to unholy pain and torment.
You thrive by killing the living.


Message History

Throw: 4 darts (poison)
Press: ? - help, Q - select action, (/) - cycle Shift-Dir - straight line, f - two-headed ogre
Aim: a two-headed ogre, wielding a +0 dire flail and a +0 giant spiked club (75% to hit)
You throw a poisoned dart.
The poisoned dart barely misses the two-headed ogre.
Throw: 3 darts (poison)
Press: ? - help, Q - select action, (/) - cycle Shift-Dir - straight line, f/p - two-headed ogre
Aim: a two-headed ogre, wielding a +0 dire flail and a +0 giant spiked club (75% to hit)
You throw a poisoned dart.
The poisoned dart hits the two-headed ogre.
The two-headed ogre is poisoned.
Throw: 2 darts (poison)
Press: ? - help, Q - select action, (/) - cycle Shift-Dir - straight line, f/p - two-headed ogre
Aim: a two-headed ogre, wielding a +0 dire flail and a +0 giant spiked club (poisoned, 75% to hit)
You throw a poisoned dart.
The poisoned dart hits the two-headed ogre.
The two-headed ogre looks even sicker.
Throw: dart (poison)
Press: ? - help, Q - select action, (/) - cycle Shift-Dir - straight line, f/p - two-headed ogre
Aim: a two-headed ogre, wielding a +0 dire flail and a +0 giant spiked club (very poisoned, 75% to hit)
You throw a poisoned dart.
The poisoned dart closely misses the two-headed ogre.
Your skin crawls.
You feel strong-willed.
You scratch the two-headed ogre.
The two-headed ogre is lightly wounded.
The two-headed ogre hits you with a +0 dire flail!!
The two-headed ogre misses you.
You claw the two-headed ogre! x2
The two-headed ogre is severely wounded.
You scratch the two-headed ogre but do no damage.
The two-headed ogre is severely wounded.
The two-headed ogre hits you with a +0 dire flail!
The two-headed ogre hits you with a +0 giant spiked club!!
* * * LOW HITPOINT WARNING * * *
You scratch the two-headed ogre.
The two-headed ogre is severely wounded.
The two-headed ogre attacks as you move away!
The two-headed ogre hits you with a +0 dire flail!!
You die...

##.#..............##
#(..#.......#.....(##
...#####)##.#.....(.# .....
#..........(.##
.......##...).....(..##.. .
...........###.......>.. .
.##....#...###....##....
.....###..<.##O.........
..... ##.....@......#..
..... ##[..........# .
..#..####...........##.. ..
#.............#..#...
...##...#.)...#.##.....
#..##...#..[..#....#.....##
#................###.....
#................###....#
##.............#.........##


You could see a two-headed ogre (poisoned).

Vanquished Creatures
  A kobold demonologist (D:9)
  Grinder (D:3)
  A shadow (D:9)
  A steam dragon (D:9)
  2 wargs
  A water moccasin (D:8)
  3 ice beasts
  3 ogres
  5 sky beasts
  A black bear (D:6)
  3 phantoms
  A bullfrog (D:7)
  A gnoll sergeant (D:9)
  A necrophage (D:7)
  4 scorpions
  23 wights
  5 hounds
  6 orc priests
  4 jellies
  6 iguanas
  5 orc wizards
  7 gnolls
  11 adders
  3 white imps
  3 ufetubi
  2 worms (D:3)
  5 dart slugs
  20 orcs
  3 ball pythons
  9 bats
  8 endoplasms
  4 giant cockroaches
  8 goblins
  6 hobgoblins
  4 jackals (D:2)
  2 kobolds (D:1)
  4 quokkas
  5 frilled lizards
  6 rats
188 creatures vanquished.

Vanquished Creatures (others)
  A fungus (D:8)
  3 toadstools (D:8)
4 creatures vanquished.

Grand Total: 192 creatures vanquished

Notes
Turn   | Place    | Note
-------+----------+-------------------------------------------
     0 | D:1      | Flaz the Ghoul Monk began the quest for the Orb.
     0 | D:1      | Reached XP level 1. HP: 19/19 MP: 0/0
   123 | D:1      | Reached XP level 2. HP: 17/26 MP: 1/1
   234 | D:1      | Reached skill level 4 in Unarmed Combat
   713 | D:1      | Reached XP level 3. HP: 28/31 MP: 2/2
  1168 | D:2      | Reached skill level 5 in Unarmed Combat
  1401 | D:2      | Reached XP level 4. HP: 38/38 MP: 3/3
  2134 | D:3      | Found a shimmering altar of Xom.
  2272 | D:3      | Noticed Grinder
  2286 | D:4      | Reached skill level 6 in Unarmed Combat
  2554 | D:3      | Reached XP level 5. HP: 28/45 MP: 4/4
  2845 | D:3      | Paralysed by Grinder for 2 turns
  2962 | D:3      | Paralysed by Grinder for 3 turns
  2970 | D:3      | Paralysed by Grinder for 2 turns
  3406 | D:3      | You fall into a shaft and drop 2 floors!
  3406 | D:5      | Entered Level 5 of the Dungeon
  3407 | D:5      | Found a basalt altar of Yredelemnul.
  3408 | D:5      | Found a blossoming altar of Fedhas.
  3408 | D:5      | Found a sacrificial altar of Ru.
  3437 | D:5      | Found a broken altar of Ashenzari.
  3443 | D:6      | Noticed an ogre
  3447 | D:6      | Killed an ogre
  3448 | D:6      | Reached skill level 7 in Unarmed Combat
  3448 | D:6      | Reached XP level 6. HP: 17/51 MP: 5/5
  3762 | D:5      | Reached skill level 8 in Unarmed Combat
  4256 | D:4      | Reached XP level 7. HP: 57/57 MP: 6/6
  4867 | D:3      | Killed Grinder
  4868 | D:3      | Reached skill level 9 in Unarmed Combat
  5328 | D:5      | Reached skill level 10 in Unarmed Combat
  5374 | D:5      | Identified the +4 scale mail "Cuynkem" {+Inv}
  5439 | D:5      | Reached XP level 8. HP: 63/63 MP: 7/7
  5660 | D:6      | Found a radiant altar of Vehumet.
  5695 | D:6      | Reached skill level 11 in Unarmed Combat
  5774 | D:6      | Found a staircase to the Ecumenical Temple.
  5796 | Temple   | Entered the Ecumenical Temple
  5985 | Temple   | Became a worshipper of Trog the Wrathful
  5985 | Temple   | Reached * piety under Trog
  5985 | Temple   | Reached ** piety under Trog
  6320 | D:6      | Reached skill level 12 in Unarmed Combat
  6697 | D:6      | Reached skill level 1 in Throwing
  6697 | D:6      | Reached XP level 9. HP: 65/70 MP: 8/8
  7194 | D:6      | Reached skill level 13 in Unarmed Combat
  7525 | D:7      | Reached skill level 1 in Armour
  7695 | D:7      | Reached skill level 14 in Unarmed Combat
  7723 | D:7      | Reached *** piety under Trog
  8035 | D:8      | Reached XP level 10. HP: 77/77 MP: 9/9
  8435 | D:8      | Reached skill level 15 in Unarmed Combat
  9292 | D:9      | Noticed a kobold demonologist
  9442 | D:9      | Killed a kobold demonologist
  9466 | D:9      | Found a staircase to the Lair.
  9474 | D:9      | Noticed a two-headed ogre
  9563 | D:9      | Slain by a two-headed ogre

Illustrated notes

Levels and vault maps discovered:
D:1:      amcnicky_arrival_feature_with_door, layout_loops_ring,
          kennysheep_decorative_pillar, grunt_decor_resistance
D:2:      layout_loops_ring
D:3:      layout_loops_cross, xom_butterflies, minmay_close_crescents,
          uniq_grinder
D:4:      layout_basic, st_stairs_7
D:5:      layout_rooms, chequers_temple_overflow_statue_of_worship
D:6:      layout_basic, nicolae_vehumet_altar_sigil,
          minmay_temple_entry_statues_fountains,
          minmay_fractal_squares_gapless_5
D:7:      layout_rooms, chequers_decorated_corner
D:8:      layout_loops_ring, minmay_gold_behind_fungi, kennysheep_another_room,
          grunt_decor_one_mirror, nicolae_water_bricks
D:9:      layout_cave_pools, erik_lair_orcish_takeover
Temple:   eino_temple_scatter_basement

Skill      XL: |  1  2  3  4  5  6  7  8  9 10 |
---------------+-------------------------------+-----
Unarmed Combat | 4 5 6 7 8 10 12 14 15 | 15.5
Throwing       | 1 |  1.2
Armour         | 3 4 |  4.7
Fighting       | |  3.2
Dodging        | |  2.6
Stealth        | |  2.1

Action                   |  1- 3 |  4- 6 |  7- 9 | 10-12 || total
-------------------------+-------+-------+-------+-------++-------
Melee: Unarmed           |   110 |   133 |   262 |    88 ||   593
       Punch             |     3 |     4 |    15 |     8 ||    30
       Spear             |       |     3 |       |       ||     3
Throw: Dart              |       |     4 |       |     4 ||     8
       Boomerang         |       |       |     3 |     1 ||     4
Invok: Trog's Hand       |       |       |       |     1 ||     1
  Use: Scroll            |       |     1 |     6 |       ||     7
       Potion            |       |     1 |       |       ||     1
 Stab: Sleeping          |     6 |     3 |     1 |       ||    10
       Distracted        |       |       |     1 |       ||     1
Armor: Robe              |    14 |       |       |       ||    14
       Ring mail         |    23 |    27 |    44 |     3 ||    97
       Scale mail        |       |       |       |    15 ||    15
Dodge: Dodged            |    67 |    46 |   133 |    35 ||   281
